 Dungeon Crawl Stone Soup version 0.29-a0-643-ga013cefcf8 (webtiles) character file.

Game seed: 1214348425267108486

4 YayAnonymity the Shield-Bearer (level 1, -1/23 HPs)
             Began as a Gnoll Fighter on June 19, 2022.
             Slain by a jackal (2 damage)
             ... on level 1 of the Dungeon.
             The game lasted 00:00:14 (36 turns).

YayAnonymity the Shield-Bearer (Gnoll Fighter)        Turns: 36, Time: 00:00:14

Health: -1/23      AC:  7    Str: 15    XL:     1   Next: 70%
Magic:  1/1        EV:  9    Int:  7    God:
Gold:   0          SH:  5    Dex: 11    Spells: 0/0 levels left

rFire   . . .      SeeInvis .   a - +0 trident
rCold   . . .      Faith    .   c - +0 buckler
rNeg    . . .      Spirit   .   b - +0 scale mail
rPois   .          Reflect  .   (no helmet)
rElec   .          Harm     .   (no cloak)
rCorr   .          Rampage  .   (no gloves)
Will    .....                   (no boots)
Stlth   ..........              (no amulet)
HPRegen 0.07/turn               (no ring)
MPRegen 0.07/turn               (no ring)

@: no status effects
A: fangs 1, strong nose, distributed training
a: no special abilities


You were on level 1 of the Dungeon.
You visited 1 branch of the dungeon, and saw 1 of its levels.

Inventory:

Hand Weapons
 a - a +0 trident (weapon)
Armour
 b - a +0 scale mail (worn)
 c - a +0 buckler (worn)
Potions
 d - a potion of might


   Skills:
 + Level 6.4 Fighting
 + Level 0.1 Short Blades
 + Level 0.1 Long Blades
 + Level 0.1 Axes
 + Level 0.1 Maces & Flails
 + Level 4.4 Polearms
 + Level 0.1 Staves
 + Level 0.1 Slings
 + Level 0.1 Bows
 + Level 0.1 Crossbows
 + Level 0.1 Throwing
 + Level 6.4 Armour
 + Level 0.1 Dodging
 + Level 0.1 Stealth
 + Level 6.4 Shields
 + Level 0.1 Unarmed Combat
 + Level 0.1 Spellcasting
 + Level 0.1 Conjurations
 + Level 0.1 Hexes
 + Level 0.1 Summonings
 + Level 0.1 Necromancy
 + Level 0.1 Translocations
 + Level 0.1 Transmutations
 + Level 0.1 Fire Magic
 + Level 0.1 Ice Magic
 + Level 0.1 Air Magic
 + Level 0.1 Earth Magic
 + Level 0.1 Poison Magic
 + Level 0.2 Invocations
 + Level 0.1 Evocations


You couldn't memorise any spells.
You didn't know any spells.
Your spell library was empty.

Dungeon Overview and Level Annotations

Branches:
Dungeon (1/15)

Altars:


Innate Abilities, Weirdness & Mutations

You have very sharp teeth.
Your uncanny sense of smell can sniff out nearby items.
Your experience applies equally to all skills.


Message History

You closely miss the jackal. You block the jackal's attack.
The jackal barely misses you. The bat barely misses you. The jackal bites you.
* * * LOW HITPOINT WARNING * * *
The jackal bites you.
* * * LOW HITPOINT WARNING * * *
You barely miss the jackal. You bite the jackal, but do no damage.
The bat hits you but does no damage.
The jackal bites you but does no damage. x2
You block the jackal's attack.
You hit the jackal.
The jackal is heavily wounded.
The bat hits you but does no damage. You block the jackal's attack.
The jackal bites you but does no damage. x2
An endoplasm comes into view.
You completely miss the jackal.
The endoplasm quivers.
You block the jackal's attack. You block the bat's attack.
You block the jackal's attack. The jackal closely misses you.
The jackal bites you but does no damage.
You barely miss the jackal. Your bite misses the jackal.
The jackal is heavily wounded.
The bat closely misses you.
The jackal bites you but does no damage.
You block the jackal's attack.
You barely miss the jackal.
The jackal is heavily wounded.
The bat hits you but does no damage. You block the jackal's attack.
The jackal closely misses you.
The jackal bites you but does no damage.
The jackal closely misses you.
You barely miss the jackal. Your bite misses the jackal.
The jackal bites you but does no damage.
The jackal bites you.
* * * LOW HITPOINT WARNING * * *
The bat hits you but does no damage.
You closely miss the jackal.
The jackal is heavily wounded.
You block the bat's attack. You block the jackal's attack.
The jackal bites you.
You die...

##+####'####+#
######..###..#
#...........##
#....†......#
#...........#
#...........#
#...........#
#######.....#
#.....bh@#
........)h#
..........#
..###....J. ##
#......S
#####....
#.... #....


You could see an endoplasm, 2 jackals and a bat.

Vanquished Creatures
  A jackal (D:1)
  A kobold (D:1)
  2 ball pythons (D:1)
4 creatures vanquished.

Notes
Turn   | Place    | Note
-------+----------+-------------------------------------------
     0 | D:1      | YayAnonymity the Gnoll Fighter began the quest for the Orb.
     0 | D:1      | Reached XP level 1. HP: 23/23 MP: 1/1
    35 | D:1      | HP: 1/23 [jackal (1)]
    36 | D:1      | Slain by a jackal

Illustrated notes

Levels and vault maps discovered:
D:1:      minmay_arrival_three_doors, layout_basic, serial_curves,
          eino_curves_01, eino_curves_02, minmay_splitting_lines

Action                   || total
-------------------------++-------
Melee: Trident           ||    22
       Bite              ||     2
Armor: Scale mail        ||    25
Dodge: Dodged            ||    30
Block: Buckler           ||    13

Table legend: (Time is in decaauts)
 A = Elapsed time spent in this place.
 B = Non-inter-level travel time spent in this place.
 C = Inter-level travel time spent in this place.
 D = Time resting spent in this place.
 E = Time spent auto-exploring this place.
 F = Levels seen in this place.
 G = Mean time per level.
                   A        B        C        D        E       F      G
               +--------+--------+--------+--------+--------+-----+--------+
         Total |     38 |     38 |      0 |      0 |      6 |   1 |   38.0 |
       Dungeon |     38 |     38 |      0 |      0 |      6 |   1 |   38.0 |
               +--------+--------+--------+--------+--------+-----+--------+

Top non-repeatable levels by time:
     D:1: 38 daAuts
